 Dungeon Crawl Stone Soup version 0.29-a0-1047-g7c58e119a4 (webtiles) character file.

Game seed: 4077913945970487294

338 themarg the Gusty (level 6, 0/32 HPs)
             Began as a Tengu Air Elementalist on Aug 16, 2022.
             Was an Elder of Uskayaw.
             Killed by their own static electricity (3 damage)
             ... on level 4 of the Dungeon.
             The game lasted 00:14:12 (4399 turns).

themarg the Gusty (Tengu Air Elementalist)          Turns: 4399, Time: 00:14:13

Health: 0/32       AC:  3    Str:  9    XL:     6   Next: 55%
Magic:  3/12       EV: 15    Int: 17    God:    Uskayaw [****..]
Gold:   246        SH:  0    Dex: 14    Spells: 8/11 levels left

rFire   . . .      SeeInvis .   p - +3 mace
rCold   . . .      Faith    .   (no shield)
rNeg    . . .      Spirit   .   a - +0 robe
rPois   .          Reflect  .   (helmet restricted)
rElec   .          Harm     .   (no cloak)
rCorr   .          Rampage  .   s - +0 pair of gloves
Will    .....                   (boots unavailable)
Stlth   ++........              r - amulet of the acrobat
HPRegen 0.10/turn               (no ring)
MPRegen 0.13/turn               (no ring)

@: flying quickly and evasively, quick
A: beak, talons 3, nimble flight
a: Renounce Religion, Stomp, Line Pass


You were on level 4 of the Dungeon.
You worshipped Uskayaw.
Uskayaw was noncommittal.
You visited 2 branches of the dungeon, and saw 5 of its levels.

You collected 246 gold pieces.

Inventory:

Hand Weapons
 g - a +0 short sword
 p - a +3 mace (weapon)
Missiles
 i - 5 silver javelins
Armour
 a - a +0 robe (worn)
 s - a +0 pair of gloves (worn)
Jewellery
 r - an amulet of the acrobat (around neck)
Wands
 t - a wand of mindburst (10)
Scrolls
 c - 3 scrolls of amnesia {unknown}
 d - 4 scrolls of identify {unknown}
 h - a scroll of silence {unknown}
 j - a scroll of teleportation {unknown}
 k - a scroll of enchant armour {unknown}
 l - 3 scrolls of summoning {unknown}
 m - a scroll of butterflies {unknown}
Potions
 b - a potion of magic
 e - a potion of might {unknown}
 f - a potion of resistance {unknown}
 n - 4 potions of heal wounds {unknown}
 o - a potion of berserk rage {unknown}
 q - a potion of degeneration {unknown}


   Skills:
 + Level 0.3 Fighting
 + Level 0.6 Short Blades
 + Level 1.2 Maces & Flails
 + Level 2.8 Dodging
 + Level 2.6 Stealth
 + Level 3.3 Spellcasting
 + Level 4.5 Conjurations
 + Level 5.9 Air Magic


You had 8 spell levels left.
You knew the following spells:

 Your Spells              Type           Power      Damage    Failure   Level
a - Shock                 Conj/Air       80%        1d8       1%          1
b - Static Discharge      Conj/Air       20%        3-6/arc   3%          2

Your spell library contained the following spells:

 Spells                   Type           Power      Damage    Failure   Level
 Swiftness                Air            23%        N/A       4%          3
 Airstrike                Air            11%        2d(2-18)  14%         4


Dungeon Overview and Level Annotations

Branches:
Dungeon (4/15)             Temple (1/1) D:4

Altars:
Ashenzari
Cheibriados
Dithmenos
Elyvilon
Kikubaaqudgha
Makhleb
Nemelex Xobeh
Okawaru
Ru
Trog
Uskayaw
Wu Jian
Yredelemnul
Zin

Annotations:
D:3 2 runed translucent doors


Innate Abilities, Weirdness & Mutations

You have a beak for a mouth.
You have claws for feet.
Your magical nature lets you fly swiftly and evasively.


Message History

Confirm with . or Enter, or press ? or * to list all spells.
Aiming: Shock (safe; 1% risk of failure)
Press: ? - help, Shift-Dir - straight line, f - goblin
Aim: a goblin, wielding a +0 dagger (strong, 64% to hit)
The zap hits the howler monkey.
You kill the howler monkey!
The zap misses the hound.
The zap hits the goblin.
You kill the goblin!
Uskayaw will force your foes to share their pain.
Uskayaw links your audience in an emotional bond!
You hit the hobgoblin. Your kick misses the hobgoblin.
The hobgoblin is severely wounded.
The hobgoblin hits you but does no damage.
The hobgoblin misses you.
You closely miss the hobgoblin.
The hobgoblin is severely wounded.
The hound is no longer sharing its pain.
The hobgoblin is no longer sharing its pain.
The hobgoblin hits you but does no damage.
You barely miss the hobgoblin. Your kick misses the hobgoblin.
The hobgoblin is heavily wounded.
The hobgoblin hits you.
* * * LOW HITPOINT WARNING * * *
Uskayaw links your audience in an emotional bond!
You hit the hobgoblin but do no damage. Your kick misses the hobgoblin.
The hobgoblin is heavily wounded.
The hobgoblin hits you.
* * * LOW HITPOINT WARNING * * *
The hobgoblin misses you.
You hit the hobgoblin.
You kill the hobgoblin!
The hound is no longer sharing its pain.
The hound bites you.
* * * LOW HITPOINT WARNING * * *
Casting: Shock (safe; 1% risk of failure)
Confirm with . or Enter, or press ? or * to list all spells.
The hound is struck by an arc of lightning.
The hound is heavily wounded.
You are struck by an arc of lightning.
You die...

. ) .#. ...# .. ...#
.. #).# ###.# #..###
....# # #.h.##....#
#. #@.#....#
####.#########)#....#
..............).....#
##.).........##....#
##..).♣♣.♣♣.......# #
##....)♣.♣...#......
######.....♣.....♣.#
..###
.......#.#.♣♣)..♣♣.#
.#
.....###...).._....#
#


You could see a hound.

Vanquished Creatures
  A howler monkey (D:4)
  A hound (D:4)
  An orc priest (D:4)
  Natasha (D:4)
  2 orc wizards
  Robin (D:4)
  5 adders
  2 dart slugs (D:1)
  10 orcs
  5 endoplasms
  2 giant cockroaches
  17 goblins
  5 hobgoblins
  3 jackals (D:2)
  8 kobolds
  3 quokkas
  9 ball pythons
  8 bats
  3 frilled lizards (D:3)
  7 rats
94 creatures vanquished.

Vanquished Creatures (others)
  6 plants (D:1)
6 creatures vanquished.

Grand Total: 100 creatures vanquished

Notes
Turn   | Place    | Note
-------+----------+-------------------------------------------
     0 | D:1      | themarg the Tengu Air Elementalist began the quest for the
                  | Orb.
     0 | D:1      | Reached XP level 1. HP: 10/10 MP: 4/4
   257 | D:1      | Reached XP level 2. HP: 15/15 MP: 3/6
   877 | D:1      | Reached XP level 3. HP: 19/19 MP: 4/7
   909 | D:1      | Reached skill level 5 in Air Magic
  2077 | D:3      | Reached XP level 4. HP: 24/24 MP: 5/8
  2103 | D:3      | Learned a level 2 spell: Static Discharge
  2340 | D:3      | Found a basalt altar of Yredelemnul.
  2575 | D:3      | Gained mutation: Your magical nature lets you fly swiftly
                  | and evasively. [Tengu growth]
  2575 | D:3      | Reached XP level 5. HP: 28/28 MP: 5/9
  2865 | D:3      | Found a large runed translucent door.
  2894 | D:3      | Found a large runed translucent door.
  3463 | D:4      | Noticed an orc warrior
  3776 | D:4      | Found a staircase to the Ecumenical Temple.
  4001 | D:4      | Noticed Natasha
  4006 | D:4      | Killed Natasha
  4007 | D:4      | Reached XP level 6. HP: 32/32 MP: 7/11
  4029 | Temple   | Entered the Ecumenical Temple
  4196 | Temple   | Became a worshipper of Uskayaw the Reveller
  4273 | D:4      | Reached * piety under Uskayaw
  4277 | D:4      | Reached ** piety under Uskayaw
  4348 | D:4      | Found a glowing silver altar of Zin.
  4385 | D:4      | Reached skill level 1 in Maces & Flails
  4385 | D:4      | Noticed Robin
  4390 | D:4      | Reached *** piety under Uskayaw
  4392 | D:4      | Killed Robin
  4393 | D:4      | Reached **** piety under Uskayaw
  4399 | D:4      | Killed from afar by themself

Illustrated notes

Levels and vault maps discovered:
D:1:      dpeg_arrival_long_road, layout_basic, roderic_three_in_a_row,
          solitary_fountain, serial_bayou_pond_a, grunt_decor_fettered,
          chequers_serial_rivers_marsh
D:2:      layout_basic, minmay_tetromino_o2
D:3:      layout_loops_cross, amcnicky_altar_gilded, jmf_multi_god_temple2,
          serial_glass, glass_columns_c, glass_columns_b, st_stairs_9
D:4:      layout_rooms, mainiacjoe_overflow_small_starburst,
          jmf_multi_god_temple, minmay_temple_entry_large_hall,
          guppyfry_early_orc_mine, uniq_robin, uniq_natasha
Temple:   hellmonk_temple_flake

Skill      XL: |  1  2  3  4  5  6 |
---------------+-------------------+-----
Air Magic      | 5 |  5.9
Conjurations   | 2 3 4 |  4.5
Spellcasting   | 3 |  3.3
Maces & Flails | 1 |  1.2
Fighting       | |  0.3
Short Blades   | |  0.6
Dodging        | |  2.8
Stealth        | |  2.6

Action                   |  1- 3 |  4- 6 || total
-------------------------+-------+-------++-------
Melee: Short sword       |    16 |     2 ||    18
       Kick              |     5 |     7 ||    12
       Peck              |     1 |     2 ||     3
       Mace              |       |    52 ||    52
       Punch             |       |     1 ||     1
 Cast: Shock             |    64 |    71 ||   135
       Static Discharge  |       |     3 ||     3
 Stab: Sleeping          |       |     1 ||     1
Armor: Robe              |     2 |     9 ||    11
Dodge: Dodged            |     9 |    50 ||    59

Table legend: (Time is in decaauts)
 A = Elapsed time spent in this place.
 B = Non-inter-level travel time spent in this place.
 C = Inter-level travel time spent in this place.
 D = Time resting spent in this place.
 E = Time spent auto-exploring this place.
 F = Levels seen in this place.
 G = Mean time per level.
                   A        B        C        D        E       F      G
               +--------+--------+--------+--------+--------+-----+--------+
         Total |   4334 |   4247 |     87 |   1346 |   2206 |   5 |  866.8 |
       Dungeon |   4172 |   4094 |     78 |   1346 |   2089 |   4 | 1043.0 |
        Temple |    162 |    153 |      9 |      0 |    116 |   1 |  162.0 |
               +--------+--------+--------+--------+--------+-----+--------+

Top non-repeatable levels by time:
     D:3: 1503 daAuts
     D:1: 1039 daAuts
     D:2: 1036 daAuts
     D:4: 593 daAuts
  Temple: 162 daAuts
